 Dungeon Crawl Stone Soup version 0.27-a0-1500-g450c7e4133 (webtiles) character file.

Game seed: 13810364727352840168

2121 funkygono the Arsonist (level 9, -2/47 HPs)
             Began as a Tengu Fire Elementalist on July 8, 2021.
             Slain by an orc warrior (14 damage)
             ... on level 5 of the Dungeon.
             The game lasted 00:16:48 (7422 turns).

funkygono the Arsonist (Tengu Fire Elementalist)    Turns: 7422, Time: 00:16:49

Health: -2/47      AC:  6    Str:  9    XL:     9   Next: 29%
Magic:  3/19       EV: 15    Int: 22    God:
Gold:   235        SH:  0    Dex: 15    Spells: 4/20 levels left

rFire    x . .     SeeInvis .   q - +2 whip (flame)
rCold    . . .     Faith    .   (no shield)
rNeg     . . .     Spirit   .   h - +1 leather armour "Numag" {rF- Regen+ Int+4}
rPois    .         Reflect  .   (helmet restricted)
rElec    .         Harm     .   b - +1 cloak
rCorr    .         Rampage  .   (no gloves)
Will     .....                  (boots unavailable)
Stlth    ++........             (no amulet)
HPRegen  1.15/turn              o - ring of wizardry
MPRegen  0.16/turn              n - ring of wizardry

@: flying quickly and evasively, quick
A: beak, talons 3, nimble flight
a: no special abilities


You were on level 5 of the Dungeon.
You visited 2 branches of the dungeon, and saw 7 of its levels.

You collected 235 gold pieces.

Inventory:

Hand Weapons
 c - a +0 dagger
 f - a +1 whip of freezing
 j - a +0 whip
 q - a +2 whip of flaming (weapon)
Missiles
 e - 105 stones
Armour
 b - a +1 cloak (worn)
 h - the +1 leather armour "Numag" (worn) {rF- Regen+ Int+4}
   (You found it on level 4 of the Dungeon)

   Int:       It affects your intelligence (+4).
   rF:        It makes you vulnerable to fire.
   Regen:     It increases your rate of health regeneration.
 i - a +2 robe of willpower
 m - a +1 leather armour of fire resistance
Jewellery
 n - a ring of wizardry (right hand)
 o - a ring of wizardry (left hand)
Scrolls
 a - a scroll of teleportation
 d - 3 scrolls of fear
 l - a scroll of blinking
Potions
 g - a potion of resistance
 k - a potion of lignification
 p - a potion of attraction
 s - a potion of mutation
 u - a potion of brilliance {unknown}


   Skills:
 + Level 1.2 Fighting
 + Level 1.0 Maces & Flails
 + Level 0.1 Armour
 + Level 3.8 Dodging
 - Level 2.0 Stealth
 + Level 6.3 Spellcasting
 + Level 8.1 Conjurations
 + Level 8.3 Fire Magic
 + Level 0.5 Evocations


You had 4 spell levels left.
You knew the following spells:

 Your Spells              Type           Power      Damage    Failure   Level
a - Foxfire               Conj/Fire      100%       2x1d9     1%          1
b - Conjure Flame         Conj/Fire      43%        6-21      1%          3
c - Sticky Flame          Conj/Fire      43%        2d6       1%          4
d - Fireball              Conj/Fire      21%        3d10      3%          5
e - Mephitic Cloud        Conj/Pois/Air  18%        N/A       3%          3

Your spell library contained the following spells:

 Spells                   Type           Power      Damage    Failure   Level
 Inner Flame              Hex/Fire       25%        N/A       1%          3
 Poisonous Vapours        Pois/Air       12%        N/A       5%          2
 Sublimation of Blood     Necr           3%         N/A       5%          2
 Wereblood                Tmut           6%         N/A       5%          2
 Freezing Cloud           Conj/Ice/Air   9%         6-21      28%         5
 Summon Hydra             Summ           3%         N/A       100%        7


Dungeon Overview and Level Annotations

Branches:
Dungeon (6/15)             Temple (1/1) D:4

Altars:
Dithmenos
Fedhas
Hepliaklqana
Kikubaaqudgha
Nemelex Xobeh
Sif Muna
Trog
Wu Jian
Xom
Yredelemnul
Zin
The Shining One

Shops:
D:5 (


Innate Abilities, Weirdness & Mutations

You have a beak for a mouth.
You have claws for feet.
Your magical nature lets you fly swiftly and evasively.


Message History

The orc warrior is heavily wounded.
The orc warrior hits you with a +0 mace!
Unknown command.
Casting: Fireball (dangerous; 3% risk of failure)
Confirm with . or Enter, or press ? or * to list all spells.
Aiming: Fireball (dangerous; 3% risk of failure)
Press: ? - help, Shift-Dir - straight line The fireball explodes!
The fireball engulfs the orc warrior!
The orc warrior is severely wounded.
The orc warrior barely misses you.
Unknown command.
Casting: Fireball (dangerous; 3% risk of failure)
Confirm with . or Enter, or press ? or * to list all spells.
Okay, then.
Casting: Fireball (dangerous; 3% risk of failure)
Confirm with . or Enter, or press ? or * to list all spells.
Aiming: Fireball (dangerous; 3% risk of failure)
Press: ? - help, Shift-Dir - straight line The fireball explodes!
The fireball engulfs the orc warrior.
The orc warrior is severely wounded.
The orc warrior hits you with a +0 mace!
Unknown command.
Casting: Fireball (dangerous; 3% risk of failure)
Confirm with . or Enter, or press ? or * to list all spells.
You conjure some foxfire!
The orc warrior barely misses you.
Casting: Foxfire (safe; 1% risk of failure)
Confirm with . or Enter, or press ? or * to list all spells.
You conjure some foxfire!
The foxfire hits the orc warrior but does no damage.
The orc warrior is severely wounded.
The foxfire hits the orc warrior.
The orc warrior is almost dead.
The orc warrior hits you with a +0 mace!
* * * LOW HITPOINT WARNING * * *
The foxfire hits the orc warrior.
The orc warrior is almost dead.
The foxfire hits the orc warrior but does no damage.
The orc warrior is almost dead.
The orc warrior hits you with a +0 mace!
You die...

#.#.#.....#.# #.# #.#.#.###.#.#
#.# #.........#.# #.#
#......####.# #.# #...........#
#.# #####.....##.########.# ##
#..........#........#.#
≈######.######+#§#§######.#.#
≈#.............§@>........#.#
≈#.##.#.#.###....o.########.#####
.'.##.#.#.# #....................
≈####.#.#.# #......########.#####
≈# #.#.#.###...............#.###
≈# #.#.#................#..#....
## #.#.########.........#....###
.# #.#.......#.......#..#.......
## #.#######...P.............###


You could see an orc warrior.

Vanquished Creatures
  Pikel (D:4)
  Sigmund (D:3)
  An ice beast (D:5)
  2 ogres (D:5)
  A black bear (D:5)
  3 lemures (D:4)
  A kobold brigand (D:6)
  3 scorpions
  A water moccasin skeleton (D:5)
  A howler monkey (D:5)
  A bullfrog zombie (D:6)
  A centaur zombie (D:5)
  4 hounds
  A jelly (D:4)
  2 bullfrog skeletons (D:5)
  Terence (D:3)
  2 iguanas
  4 orc wizards (D:5)
  Natasha (thrice) (D:3)
  A hound zombie (D:5)
  A hound skeleton (D:4)
  A howler monkey skeleton (D:6)
  3 gnolls (D:2)
  A river rat (D:5)
  10 adders
  A white imp (D:5)
  2 ufetubi
  3 worms
  5 dart slugs
  6 orcs
  4 ball pythons
  6 endoplasms
  5 giant cockroaches
  7 goblins
  6 hobgoblins
  11 kobolds
  2 quokkas (D:1)
  3 bats
  2 frilled lizards
  8 rats
122 creatures vanquished.

Vanquished Creatures (others)
  568 foxfires
  A withered plant (D:5)
569 creatures vanquished.

Grand Total: 691 creatures vanquished

Notes
Turn   | Place    | Note
-------+----------+-------------------------------------------
     0 | D:1      | funkygono the Tengu Fire Elementalist began the quest for
                  | the Orb.
     0 | D:1      | Reached XP level 1. HP: 10/10 MP: 4/4
   210 | D:1      | You fall into a shaft and drop 1 floor!
   212 | D:2      | Found a faded altar of an unknown god.
   217 | D:2      | Reached XP level 2. HP: 15/15 MP: 0/6
  1282 | D:2      | Reached XP level 3. HP: 19/19 MP: 2/7
  1575 | D:2      | Learned a level 3 spell: Conjure Flame
  1733 | D:2      | You are sucked into a shaft and drop 1 floor!
  2204 | D:2      | Reached XP level 4. HP: 19/24 MP: 3/9
  2363 | D:2      | Learned a level 4 spell: Sticky Flame
  2643 | D:3      | Noticed Sigmund
  2655 | D:3      | Killed Sigmund
  2656 | D:3      | Reached skill level 5 in Fire Magic
  2656 | D:3      | Gained mutation: Your magical nature lets you fly swiftly
                  | and evasively. [Tengu growth]
  2656 | D:3      | Reached XP level 5. HP: 21/28 MP: 1/11
  2656 | D:3      | Reached XP level 6. HP: 24/32 MP: 1/12
  2837 | D:3      | Noticed Natasha
  2841 | D:3      | Killed Natasha
  2864 | D:3      | Noticed Natasha
  2871 | D:3      | Killed Natasha
  2997 | D:3      | Noticed Natasha
  3008 | D:3      | Killed Natasha
  3148 | D:3      | Noticed Terence
  3165 | D:3      | Killed Terence
  3941 | D:4      | Noticed Pikel
  4250 | D:4      | Identified the +1 leather armour "Numag" {rF- Regen+ Int+4}
  4368 | D:4      | Reached XP level 7. HP: 36/36 MP: 7/14
  4441 | D:4      | Learned a level 5 spell: Fireball
  4455 | D:4      | Found a staircase to the Ecumenical Temple.
  4464 | Temple   | Entered the Ecumenical Temple
  4800 | D:4      | Reached skill level 5 in Conjurations
  4966 | D:4      | Killed Pikel
  4967 | D:4      | Reached XP level 8. HP: 8/42 MP: 14/16
  5437 | D:4      | Reached skill level 5 in Spellcasting
  5602 | D:5      | Entered Level 5 of the Dungeon
  5712 | D:5      | Reached skill level 1 in Fighting
  6093 | D:5      | Found Vat Lorch's Weapon Boutique.
  6154 | D:5      | Reached skill level 1 in Maces & Flails
  6494 | D:5      | Reached XP level 9. HP: 47/47 MP: 12/19
  6848 | D:5      | Found an ancient bone altar of Kikubaaqudgha.
  7111 | D:5      | Learned a level 3 spell: Mephitic Cloud
  7422 | D:5      | Slain by an orc warrior

Illustrated notes

Levels and vault maps discovered:
D:1:      minmay_arrival_nine_rooms, layout_basic
D:2:      layout_rooms, basic_ecumenical_altar, minmay_pentomino_t2
D:3:      layout_basic, uniq_sigmund, uniq_terence, uniq_natasha
D:4:      layout_basic, temple_statues, uniq_pikel
D:5:      layout_basic, kiku_gazebo_garden_becter, lightli_sewer_entry_pipes,
          serial_shops, nicolae_shop_crystal, minmay_misc_feat_iff,
          kennysheep_generic_room_11
D:6:      layout_cave_pools, fiery_altar_vehumet, uniq_edmund
Temple:   minmay_temple_curvy_loop

Skill      XL: |  1  2  3  4  5  6  7  8  9 |
---------------+----------------------------+-----
Fire Magic     | 4 5 6 7 8 |  8.3
Conjurations   | 2 3 4 6 7 8 |  8.1
Spellcasting   | 3 4 6 |  6.3
Dodging        | 3 |  3.8
Fighting       | 1 |  1.2
Maces & Flails | 1 |  1.0
Armour         | |  0.1
Stealth        | |  2.0
Evocations     | |  0.5

Action                   |  1- 3 |  4- 6 |  7- 9 || total
-------------------------+-------+-------+-------++-------
Melee: Kick              |     1 |     1 |     1 ||     3
       Unarmed           |     1 |       |       ||     1
       Dagger            |     3 |       |       ||     3
       Whip              |     1 |     4 |    16 ||    21
       Peck              |     1 |       |     2 ||     3
 Cast: Foxfire           |    74 |   104 |   155 ||   333
       Conjure Flame     |     1 |     1 |       ||     2
       Sticky Flame      |       |     1 |     3 ||     4
       Fireball          |       |       |     4 ||     4
Evoke: Wand              |       |       |     2 ||     2
  Use: Scroll            |     3 |     6 |     6 ||    15
       Potion            |       |       |     2 ||     2
 Stab: Sleeping          |       |     1 |       ||     1
Armor: Robe              |       |       |     4 ||     4
       Leather armour    |       |       |     8 ||     8
Dodge: Dodged            |     3 |    26 |    68 ||    97

Table legend: (Time is in decaauts)
 A = Elapsed time spent in this place.
 B = Non-inter-level travel time spent in this place.
 C = Inter-level travel time spent in this place.
 D = Time resting spent in this place.
 E = Time spent auto-exploring this place.
 F = Levels seen in this place.
 G = Mean time per level.
                   A        B        C        D        E       F      G
               +--------+--------+--------+--------+--------+-----+--------+
         Total |   7198 |   6958 |    240 |   1617 |   3558 |   7 | 1028.3 |
       Dungeon |   7009 |   6792 |    217 |   1617 |   3393 |   6 | 1168.2 |
        Temple |    188 |    165 |     23 |      0 |    164 |   1 |  188.0 |
               +--------+--------+--------+--------+--------+-----+--------+

Top non-repeatable levels by time:
     D:5: 1671 daAuts
     D:4: 1560 daAuts
     D:1: 1337 daAuts
     D:3: 1328 daAuts
     D:2: 1067 daAuts
  Temple: 188 daAuts
     D:6: 44 daAuts
